[ PARTIDA AOE2 · #461936417 ]
UnrankedShu vs Mongols
Equipo del jugador · DERR
[ ANÁLISIS DE REPETICIÓN · EXTRAÍDO DE LA PARTIDA GRABADA ]
Feudal
9:16
Castillos
12:48
Imperial
16:56
| APM promedio | 30.6 |
| APM pico | 70 |
| eAPM promedio | 15.0 |
| Aldeanos / militares | 101 / 27 |
Foco
⚔️ 22.6% · 🌾 77.4%
Archer ×26 · Unknown (1942) ×10 · Unknown (1962) ×7 · Monk ×1
Feudal
8:01
Castillos
11:36
Imperial
26:16
| APM promedio | 38.2 |
| APM pico | 96 |
| eAPM promedio | 18.1 |
| Aldeanos / militares | 121 / 332 |
Foco
⚔️ 19.8% · 🌾 80.2%
Monaspa ×264 · Skirmisher ×67 · Monk ×1
Feudal
7:37
Castillos
11:09
Imperial
31:50
| APM promedio | 38.7 |
| APM pico | 85 |
| eAPM promedio | 16.8 |
| Aldeanos / militares | 147 / 192 |
Foco
⚔️ 33.7% · 🌾 66.3%
Mangudai ×188 · Trade Cart ×18 · Trebuchet (Packed) ×3 · Monk ×1
Feudal
7:11
Castillos
11:42
Imperial
35:21
| APM promedio | 37.4 |
| APM pico | 75 |
| eAPM promedio | 24.4 |
| Aldeanos / militares | 152 / 133 |
Foco
⚔️ 51.6% · 🌾 48.4%
Petard ×101 · Unknown (2550) ×78 · Skirmisher ×29 · Spearman ×2 · Archer ×1
Feudal
7:36
Castillos
11:31
Imperial
25:47
| APM promedio | 41.5 |
| APM pico | 91 |
| eAPM promedio | 25.2 |
| Aldeanos / militares | 208 / 283 |
Foco
⚔️ 32.2% · 🌾 67.8%
Longbowman ×266 · Trade Cart ×24 · Trebuchet (Packed) ×17
Feudal
8:04
Castillos
11:59
Imperial
25:23
| APM promedio | 34.7 |
| APM pico | 79 |
| eAPM promedio | 23.9 |
| Aldeanos / militares | 149 / 424 |
Foco
⚔️ 44.1% · 🌾 55.9%
Spearman ×296 · Skirmisher ×55 · Throwing Axeman ×35 · Battering Ram ×17 · Petard ×7 · Cavalry Archer ×5
Feudal
7:14
Castillos
10:54
Imperial
29:15
| APM promedio | 31.2 |
| APM pico | 52 |
| eAPM promedio | 22.7 |
| Aldeanos / militares | 131 / 83 |
Foco
⚔️ 42.5% · 🌾 57.5%
Unknown (1920) ×251 · Scout Cavalry ×57 · Trade Cart ×45 · Battering Ram ×25 · Unknown (1923) ×2 · Petard ×1
Feudal
—
Castillos
—
Imperial
—
| APM promedio | 52.1 |
| APM pico | 103 |
| eAPM promedio | 35.2 |
| Aldeanos / militares | 248 / 330 |
Foco
⚔️ 33.9% · 🌾 66.1%
Spearman ×170 · Knight ×142 · Trade Cart ×48 · Battering Ram ×14 · Trebuchet (Packed) ×2 · Tarkan ×1
Mapa de la partida
Recursos iniciales + cada clic de construcción. Líneas = muros · curvas = relieve. ◆ oro · ⬟ piedra · ● bayas · ✦ reliquia · ◌ hueco del cierre
Inputs por minuto
— AndyThePro - - Persian Assassin
Build order — AndyThePro
Primeras 150 de 271 acciones detectadas
| 0:00 | Crear | Villager (Male) |
| 0:01 | Crear | Villager (Male) |
| 0:07 | Construir | Lumber Camp |
| 0:13 | Crear | Villager (Male) |
| 0:13 | Crear | Villager (Male) |
| 1:10 | Construir | Mill |
| 1:13 | Crear | Villager (Male) |
| 1:49 | Crear | Villager (Male) |
| 1:58 | Crear | Villager (Male) |
| 2:32 | Crear | Villager (Male) |
| 3:11 | Crear | Villager (Male) |
| 3:31 | Crear | Villager (Male) |
| 4:09 | Crear | Villager (Male) |
| 4:28 | Crear | Villager (Male) |
| 4:52 | Construir | House |
| 4:54 | Construir | House |
| 4:57 | Crear | Villager (Male) |
| 5:07 | Construir | Farm |
| 5:10 | Construir | Farm |
| 5:13 | Construir | Farm |
| 5:16 | Crear | Villager (Male) |
| 5:36 | Construir | Mining Camp |
| 5:38 | Crear | Villager (Male) |
| 5:42 | Construir | Farm |
| 5:46 | Construir | Farm |
| 6:11 | Crear | Villager (Male) |
| 6:23 | Crear | Villager (Male) |
| 6:48 | Investigar | Feudal Age |
| 8:36 | Crear | Villager (Male) |
| 9:16 | Edad | Edad Feudal |
| 9:18 | Construir | Market |
| 9:22 | Construir | Blacksmith |
| 9:33 | Investigar | Double-Bit Axe |
| 9:37 | Crear | Villager (Male) |
| 10:08 | Investigar | Castle Age |
| 11:38 | Construir | Farm |
| 11:53 | Crear | Villager (Male) |
| 11:56 | Construir | Farm |
| 12:11 | Construir | Farm |
| 12:48 | Edad | Edad de los Castillos |
| 12:50 | Construir | Siege Workshop |
| 13:00 | Construir | Monastery |
| 13:07 | Crear | Villager (Male) |
| 13:19 | Construir | Lumber Camp |
| 13:35 | Construir | House |
| 13:46 | Investigar | Imperial Age |
| 13:59 | Construir | Siege Workshop |
| 14:04 | Crear | Monk |
| 14:53 | Investigar | Bow Saw |
| 14:58 | Construir | House |
| 15:32 | Crear | Villager (Male) |
| 15:35 | Construir | House |
| 15:59 | Construir | Farm |
| 16:09 | Construir | House |
| 16:25 | Construir | Farm |
| 16:31 | Investigar | Gold Mining |
| 16:44 | Construir | House |
| 16:56 | Edad | Edad Imperial |
| 16:57 | Crear | Unit 1942 |
| 16:57 | Crear | Unit 1942 |
| 17:11 | Construir | Lumber Camp |
| 17:15 | Crear | Villager (Male) |
| 17:16 | Construir | Lumber Camp |
| 17:21 | Crear | Unit 1942 |
| 17:36 | Crear | Villager (Male) |
| 17:56 | Crear | Villager (Male) |
| 18:04 | Crear | Unit 1942 |
| 18:40 | Crear | Villager (Male) |
| 18:58 | Crear | Unit 1942 |
| 19:05 | Crear | Unit 1962 |
| 19:06 | Crear | Unit 1962 |
| 19:15 | Crear | Villager (Male) |
| 19:16 | Construir | House |
| 19:19 | Construir | Farm |
| 19:19 | Construir | Farm |
| 19:20 | Construir | Farm |
| 19:20 | Construir | Farm |
| 19:22 | Construir | Farm |
| 19:23 | Construir | Farm |
| 19:23 | Construir | Farm |
| 19:23 | Construir | Farm |
| 19:26 | Investigar | Horse Collar |
| 19:42 | Crear | Unit 1962 |
| 19:42 | Crear | Unit 1962 |
| 19:44 | Crear | Unit 1942 |
| 19:57 | Construir | House |
| 20:02 | Crear | Villager (Male) |
| 20:03 | Crear | Unit 1962 |
| 20:17 | Crear | Unit 1962 |
| 21:22 | Crear | Unit 1962 |
| 21:39 | Construir | Town Center |
| 21:44 | Crear | Villager (Male) |
| 21:50 | Construir | Farm |
| 21:50 | Construir | Farm |
| 21:50 | Construir | Farm |
| 21:51 | Construir | Farm |
| 21:56 | Investigar | Two-Man Saw |
| 22:03 | Investigar | Two-Man Saw |
| 22:14 | Crear | Villager (Male) |
| 22:22 | Construir | Farm |
| 22:23 | Construir | Farm |
| 22:32 | Crear | Villager (Male) |
| 22:47 | Crear | Villager (Male) |
| 22:47 | Crear | Villager (Male) |
| 22:52 | Construir | Farm |
| 22:53 | Construir | Farm |
| 22:53 | Construir | Farm |
| 22:57 | Crear | Villager (Male) |
| 23:29 | Crear | Villager (Male) |
| 23:29 | Crear | Villager (Male) |
| 23:33 | Crear | Villager (Male) |
| 23:53 | Investigar | Wheelbarrow |
| 24:05 | Construir | Town Center |
| 24:09 | Crear | Villager (Male) |
| 24:15 | Construir | Farm |
| 24:42 | Construir | Siege Workshop |
| 24:48 | Crear | Villager (Male) |
| 24:49 | Crear | Villager (Male) |
| 25:04 | Crear | Villager (Male) |
| 25:05 | Crear | Villager (Male) |
| 25:16 | Crear | Villager (Male) |
| 25:16 | Crear | Villager (Male) |
| 25:24 | Crear | Unit 1942 |
| 25:27 | Crear | Villager (Male) |
| 25:33 | Crear | Villager (Male) |
| 25:41 | Crear | Villager (Male) |
| 25:45 | Construir | Siege Workshop |
| 25:51 | Crear | Villager (Male) |
| 25:59 | Crear | Villager (Male) |
| 26:02 | Construir | Farm |
| 26:04 | Construir | Farm |
| 26:07 | Construir | Farm |
| 26:09 | Crear | Villager (Male) |
| 26:25 | Crear | Villager (Male) |
| 26:30 | Crear | Unit 1942 |
| 26:41 | Crear | Unit 1942 |
| 26:48 | Crear | Villager (Male) |
| 26:48 | Crear | Villager (Male) |
| 26:49 | Crear | Villager (Male) |
| 26:52 | Construir | Farm |
| 27:00 | Crear | Villager (Male) |
| 27:03 | Construir | House |
| 27:04 | Construir | House |
| 27:12 | Construir | Lumber Camp |
| 27:13 | Crear | Villager (Male) |
| 27:13 | Crear | Villager (Male) |
| 27:18 | Construir | Farm |
| 27:19 | Crear | Villager (Male) |
| 27:20 | Crear | Villager (Male) |
| 27:32 | Crear | Villager (Male) |
Build order — Persian Assassin
Primeras 150 de 380 acciones detectadas
| 0:01 | Crear | Villager (Male) |
| 0:02 | Crear | Villager (Male) |
| 0:02 | Crear | Villager (Male) |
| 0:02 | Crear | Villager (Male) |
| 1:13 | Crear | Villager (Male) |
| 1:14 | Crear | Villager (Male) |
| 2:06 | Crear | Villager (Male) |
| 2:22 | Construir | Mill |
| 2:34 | Crear | Villager (Male) |
| 2:47 | Crear | Villager (Male) |
| 2:47 | Crear | Villager (Male) |
| 2:47 | Crear | Villager (Male) |
| 3:12 | Crear | Villager (Male) |
| 3:40 | Crear | Villager (Male) |
| 4:51 | Construir | Mule Cart |
| 4:53 | Crear | Villager (Male) |
| 5:07 | Construir | Farm |
| 5:10 | Construir | Farm |
| 5:15 | Construir | Farm |
| 5:31 | Investigar | Feudal Age |
| 5:37 | Construir | Farm |
| 7:20 | Crear | Villager (Male) |
| 7:21 | Crear | Villager (Male) |
| 8:01 | Edad | Edad Feudal |
| 8:05 | Construir | Market |
| 8:11 | Construir | Blacksmith |
| 8:31 | Investigar | Double-Bit Axe |
| 8:56 | Investigar | Castle Age |
| 8:56 | Investigar | Castle Age |
| 9:13 | Investigar | Horse Collar |
| 10:19 | Investigar | Gold Mining |
| 10:45 | Crear | Villager (Male) |
| 10:45 | Crear | Villager (Male) |
| 11:14 | Crear | Villager (Male) |
| 11:36 | Edad | Edad de los Castillos |
| 11:38 | Construir | Town Center |
| 11:40 | Crear | Villager (Male) |
| 12:08 | Construir | Town Center |
| 12:17 | Crear | Villager (Male) |
| 12:45 | Crear | Villager (Male) |
| 12:46 | Crear | Villager (Male) |
| 12:46 | Crear | Villager (Male) |
| 12:48 | Crear | Villager (Male) |
| 12:56 | Investigar | Bow Saw |
| 12:58 | Crear | Villager (Male) |
| 13:02 | Crear | Villager (Male) |
| 13:09 | Construir | Farm |
| 13:16 | Construir | Farm |
| 13:18 | Crear | Villager (Male) |
| 13:23 | Construir | House |
| 13:25 | Construir | House |
| 13:31 | Crear | Villager (Male) |
| 13:33 | Crear | Villager (Male) |
| 13:47 | Crear | Villager (Male) |
| 14:03 | Crear | Villager (Male) |
| 14:03 | Crear | Villager (Male) |
| 14:15 | Crear | Villager (Male) |
| 14:22 | Construir | House |
| 14:30 | Construir | Monastery |
| 14:31 | Crear | Villager (Male) |
| 14:38 | Construir | Farm |
| 14:43 | Crear | Villager (Male) |
| 14:50 | Construir | Farm |
| 14:58 | Construir | Farm |
| 14:59 | Crear | Villager (Male) |
| 15:00 | Crear | Villager (Male) |
| 15:04 | Construir | House |
| 15:05 | Construir | House |
| 15:07 | Crear | Villager (Male) |
| 15:13 | Construir | Farm |
| 15:14 | Crear | Villager (Male) |
| 15:16 | Crear | Monk |
| 15:23 | Construir | Farm |
| 15:30 | Construir | Farm |
| 15:32 | Construir | Farm |
| 15:35 | Crear | Villager (Male) |
| 15:39 | Construir | Farm |
| 15:41 | Crear | Villager (Male) |
| 15:43 | Crear | Villager (Male) |
| 15:52 | Construir | House |
| 15:54 | Construir | House |
| 15:55 | Construir | House |
| 15:56 | Crear | Villager (Male) |
| 15:58 | Construir | House |
| 16:00 | Crear | Villager (Male) |
| 16:16 | Crear | Villager (Male) |
| 16:21 | Crear | Villager (Male) |
| 16:24 | Construir | Farm |
| 16:34 | Construir | Town Center |
| 16:36 | Crear | Villager (Male) |
| 16:38 | Crear | Villager (Male) |
| 16:41 | Construir | House |
| 16:47 | Crear | Villager (Male) |
| 16:49 | Crear | Villager (Male) |
| 16:49 | Crear | Villager (Male) |
| 16:53 | Construir | Farm |
| 16:56 | Construir | Farm |
| 16:58 | Construir | Farm |
| 17:00 | Construir | Farm |
| 17:00 | Crear | Villager (Male) |
| 17:08 | Construir | Building 490 |
| 17:09 | Crear | Villager (Male) |
| 17:17 | Construir | Building 673 |
| 17:19 | Construir | Stone Wall |
| 17:19 | Crear | Villager (Male) |
| 17:23 | Construir | Farm |
| 17:24 | Crear | Villager (Male) |
| 17:38 | Crear | Villager (Male) |
| 17:38 | Crear | Villager (Male) |
| 17:46 | Construir | Farm |
| 17:47 | Construir | Farm |
| 17:51 | Construir | Farm |
| 17:54 | Investigar | Heavy Plow |
| 17:56 | Construir | Farm |
| 17:57 | Crear | Villager (Male) |
| 18:01 | Crear | Villager (Male) |
| 18:01 | Crear | Villager (Male) |
| 18:08 | Investigar | Wheelbarrow |
| 18:09 | Investigar | Loom |
| 18:24 | Construir | House |
| 18:25 | Crear | Villager (Male) |
| 18:27 | Crear | Villager (Male) |
| 18:27 | Crear | Villager (Male) |
| 18:37 | Construir | Farm |
| 18:39 | Crear | Villager (Male) |
| 18:47 | Crear | Villager (Male) |
| 18:53 | Crear | Villager (Male) |
| 19:01 | Construir | Monastery |
| 19:05 | Construir | Farm |
| 19:05 | Crear | Villager (Male) |
| 19:16 | Construir | Town Center |
| 19:18 | Crear | Villager (Male) |
| 19:25 | Construir | Farm |
| 19:26 | Crear | Villager (Male) |
| 19:32 | Construir | Farm |
| 19:33 | Construir | Farm |
| 19:37 | Construir | Farm |
| 19:39 | Crear | Villager (Male) |
| 19:43 | Construir | House |
| 19:43 | Crear | Villager (Male) |
| 19:43 | Crear | Villager (Male) |
| 19:49 | Crear | Villager (Male) |
| 19:55 | Crear | Villager (Male) |
| 19:59 | Crear | Villager (Male) |
| 20:07 | Investigar | Stone Mining |
| 20:08 | Crear | Villager (Male) |
| 20:13 | Construir | Farm |
| 20:15 | Construir | Farm |
| 20:23 | Construir | House |
| 20:23 | Crear | Villager (Male) |
Build order — Ps0Fa
Primeras 150 de 388 acciones detectadas
| 0:02 | Crear | Villager (Male) |
| 0:02 | Crear | Villager (Male) |
| 0:02 | Crear | Villager (Male) |
| 0:02 | Crear | Villager (Male) |
| 0:08 | Construir | Lumber Camp |
| 0:15 | Construir | Mill |
| 1:19 | Crear | Villager (Male) |
| 1:22 | Crear | Villager (Male) |
| 1:22 | Crear | Villager (Male) |
| 2:00 | Crear | Villager (Male) |
| 2:30 | Crear | Villager (Male) |
| 2:31 | Crear | Villager (Male) |
| 2:46 | Crear | Villager (Male) |
| 2:46 | Crear | Villager (Male) |
| 2:50 | Crear | Villager (Male) |
| 2:50 | Crear | Villager (Male) |
| 3:28 | Crear | Villager (Male) |
| 3:28 | Crear | Villager (Male) |
| 3:28 | Crear | Villager (Male) |
| 3:28 | Crear | Villager (Male) |
| 3:34 | Construir | Farm |
| 3:36 | Construir | Farm |
| 3:44 | Construir | Farm |
| 4:32 | Construir | Mining Camp |
| 4:40 | Crear | Villager (Male) |
| 4:53 | Investigar | Feudal Age |
| 5:32 | Crear | Villager (Male) |
| 5:32 | Crear | Villager (Male) |
| 7:37 | Edad | Edad Feudal |
| 7:39 | Construir | Market |
| 7:44 | Construir | Blacksmith |
| 8:29 | Investigar | Castle Age |
| 8:35 | Investigar | Double-Bit Axe |
| 8:46 | Investigar | Horse Collar |
| 9:04 | Crear | Villager (Male) |
| 9:16 | Crear | Villager (Male) |
| 11:09 | Edad | Edad de los Castillos |
| 11:15 | Construir | Town Center |
| 11:29 | Construir | Town Center |
| 11:30 | Crear | Villager (Male) |
| 12:00 | Investigar | Bow Saw |
| 12:01 | Crear | Villager (Male) |
| 12:29 | Crear | Villager (Male) |
| 12:43 | Crear | Villager (Male) |
| 12:43 | Crear | Villager (Male) |
| 12:43 | Crear | Villager (Male) |
| 12:49 | Crear | Mangudai |
| 12:49 | Crear | Mangudai |
| 12:54 | Investigar | Fletching |
| 12:55 | Crear | Villager (Male) |
| 12:56 | Crear | Villager (Male) |
| 12:58 | Construir | Farm |
| 13:17 | Crear | Villager (Male) |
| 13:24 | Construir | Farm |
| 13:35 | Crear | Villager (Male) |
| 13:40 | Construir | Farm |
| 13:44 | Construir | Farm |
| 13:57 | Crear | Villager (Male) |
| 14:03 | Crear | Mangudai |
| 14:03 | Crear | Mangudai |
| 14:08 | Construir | Farm |
| 14:10 | Construir | Farm |
| 14:12 | Crear | Villager (Male) |
| 14:29 | Crear | Mangudai |
| 14:29 | Crear | Mangudai |
| 14:31 | Crear | Villager (Male) |
| 14:31 | Crear | Villager (Male) |
| 14:47 | Crear | Villager (Male) |
| 14:48 | Crear | Villager (Male) |
| 14:51 | Crear | Mangudai |
| 14:52 | Crear | Mangudai |
| 14:59 | Construir | Stone Wall |
| 15:04 | Crear | Villager (Male) |
| 15:04 | Crear | Villager (Male) |
| 15:14 | Construir | House |
| 15:18 | Crear | Mangudai |
| 15:21 | Construir | Farm |
| 15:38 | Crear | Villager (Male) |
| 15:38 | Crear | Villager (Male) |
| 15:45 | Construir | Stone Wall |
| 16:02 | Construir | Stone Wall |
| 16:05 | Crear | Mangudai |
| 16:05 | Crear | Mangudai |
| 16:08 | Crear | Villager (Male) |
| 16:16 | Crear | Villager (Male) |
| 16:21 | Crear | Mangudai |
| 16:22 | Crear | Villager (Male) |
| 16:22 | Crear | Villager (Male) |
| 16:27 | Construir | Stone Wall |
| 16:38 | Construir | Stone Wall |
| 16:40 | Crear | Villager (Male) |
| 16:44 | Crear | Mangudai |
| 16:47 | Crear | Villager (Male) |
| 16:52 | Construir | Farm |
| 16:55 | Construir | Mill |
| 16:55 | Construir | Farm |
| 16:55 | Construir | Farm |
| 16:56 | Construir | Farm |
| 16:56 | Construir | Farm |
| 16:56 | Construir | Farm |
| 16:56 | Construir | Farm |
| 16:56 | Construir | Farm |
| 16:58 | Crear | Villager (Male) |
| 16:58 | Crear | Villager (Male) |
| 17:12 | Construir | House |
| 17:13 | Construir | House |
| 17:18 | Crear | Mangudai |
| 17:18 | Crear | Mangudai |
| 17:20 | Crear | Villager (Male) |
| 17:20 | Crear | Villager (Male) |
| 17:28 | Construir | Farm |
| 17:50 | Investigar | Bodkin Arrow |
| 17:52 | Investigar | Loom |
| 17:53 | Crear | Villager (Male) |
| 17:53 | Crear | Villager (Male) |
| 17:57 | Crear | Villager (Male) |
| 18:05 | Crear | Mangudai |
| 18:06 | Crear | Villager (Male) |
| 18:26 | Crear | Villager (Male) |
| 18:26 | Crear | Villager (Male) |
| 18:27 | Crear | Villager (Male) |
| 18:31 | Crear | Mangudai |
| 18:39 | Crear | Villager (Male) |
| 18:39 | Crear | Villager (Male) |
| 18:52 | Crear | Mangudai |
| 18:52 | Crear | Mangudai |
| 18:52 | Crear | Mangudai |
| 18:55 | Crear | Villager (Male) |
| 18:55 | Crear | Villager (Male) |
| 18:59 | Construir | House |
| 19:00 | Construir | House |
| 19:08 | Crear | Mangudai |
| 19:08 | Crear | Mangudai |
| 19:09 | Crear | Mangudai |
| 19:09 | Crear | Villager (Male) |
| 19:10 | Crear | Villager (Male) |
| 19:21 | Construir | University |
| 19:22 | Crear | Villager (Male) |
| 19:28 | Crear | Villager (Male) |
| 19:29 | Crear | Villager (Male) |
| 19:40 | Crear | Mangudai |
| 19:40 | Crear | Villager (Male) |
| 19:41 | Crear | Villager (Male) |
| 19:41 | Crear | Villager (Male) |
| 19:52 | Crear | Villager (Male) |
| 20:03 | Construir | Stable |
| 20:10 | Construir | House |
| 20:43 | Construir | House |
| 21:32 | Crear | Mangudai |
| 21:32 | Crear | Mangudai |
Build order — Fallout
Primeras 150 de 510 acciones detectadas
| 0:01 | Crear | Villager (Male) |
| 0:01 | Crear | Villager (Male) |
| 0:01 | Crear | Villager (Male) |
| 0:03 | Crear | Villager (Male) |
| 0:14 | Construir | Settlement |
| 0:54 | Crear | Villager (Male) |
| 1:14 | Crear | Villager (Male) |
| 1:39 | Crear | Villager (Male) |
| 1:46 | Crear | Villager (Male) |
| 1:46 | Crear | Villager (Male) |
| 2:11 | Crear | Villager (Male) |
| 2:11 | Crear | Villager (Male) |
| 2:14 | Crear | Villager (Male) |
| 2:36 | Construir | Settlement |
| 2:36 | Crear | Villager (Male) |
| 3:19 | Crear | Villager (Male) |
| 3:24 | Crear | Villager (Male) |
| 3:27 | Crear | Villager (Male) |
| 3:46 | Crear | Villager (Male) |
| 4:05 | Construir | Settlement |
| 4:13 | Construir | Settlement |
| 4:14 | Crear | Villager (Male) |
| 4:22 | Crear | Villager (Male) |
| 4:23 | Crear | Villager (Male) |
| 4:35 | Construir | Farm |
| 4:38 | Construir | Farm |
| 4:54 | Investigar | Feudal Age |
| 4:55 | Investigar | Feudal Age |
| 5:57 | Crear | Villager (Male) |
| 5:57 | Crear | Villager (Male) |
| 7:11 | Edad | Edad Feudal |
| 7:12 | Construir | Blacksmith |
| 7:23 | Construir | Market |
| 7:28 | Construir | Market |
| 7:39 | Crear | Villager (Male) |
| 8:04 | Crear | Villager (Male) |
| 8:17 | Construir | Farm |
| 8:28 | Investigar | Loom |
| 8:53 | Investigar | Castle Age |
| 8:53 | Investigar | Castle Age |
| 9:22 | Investigar | Double-Bit Axe |
| 9:41 | Investigar | Horse Collar |
| 9:57 | Construir | Farm |
| 10:12 | Construir | Farm |
| 10:20 | Investigar | Tech 1402 |
| 10:32 | Construir | Farm |
| 10:36 | Crear | Villager (Male) |
| 10:43 | Crear | Unit 2550 |
| 10:51 | Construir | Farm |
| 11:11 | Crear | Unit 2550 |
| 11:12 | Crear | Villager (Male) |
| 11:19 | Construir | Farm |
| 11:23 | Crear | Unit 2550 |
| 11:31 | Construir | Farm |
| 11:39 | Investigar | Scale Mail Armor |
| 11:42 | Edad | Edad de los Castillos |
| 11:47 | Crear | Unit 2550 |
| 11:47 | Crear | Unit 2550 |
| 11:57 | Construir | Farm |
| 12:04 | Crear | Villager (Male) |
| 12:09 | Crear | Unit 2550 |
| 12:10 | Crear | Villager (Male) |
| 12:20 | Crear | Unit 2550 |
| 12:34 | Construir | Farm |
| 12:42 | Crear | Unit 2550 |
| 12:56 | Crear | Villager (Male) |
| 12:58 | Crear | Villager (Male) |
| 12:59 | Crear | Villager (Male) |
| 13:15 | Investigar | Forging |
| 13:18 | Construir | Farm |
| 13:30 | Construir | Farm |
| 13:39 | Investigar | Tech 1351 |
| 13:41 | Crear | Unit 2550 |
| 13:41 | Crear | Unit 2550 |
| 14:01 | Crear | Villager (Male) |
| 14:02 | Crear | Villager (Male) |
| 14:26 | Crear | Unit 2550 |
| 14:34 | Crear | Villager (Male) |
| 14:40 | Investigar | Squires |
| 14:54 | Crear | Villager (Male) |
| 15:03 | Crear | Villager (Male) |
| 15:10 | Construir | Barracks |
| 15:11 | Crear | Unit 2550 |
| 15:11 | Crear | Unit 2550 |
| 15:27 | Crear | Unit 2550 |
| 15:38 | Investigar | Chain Mail Armor |
| 15:38 | Investigar | Chain Mail Armor |
| 15:44 | Construir | Farm |
| 15:45 | Crear | Unit 2550 |
| 15:45 | Crear | Unit 2550 |
| 15:54 | Construir | House |
| 15:56 | Crear | Villager (Male) |
| 15:57 | Crear | Villager (Male) |
| 16:00 | Construir | Farm |
| 16:00 | Crear | Villager (Male) |
| 16:01 | Crear | Villager (Male) |
| 16:07 | Crear | Unit 2550 |
| 16:07 | Crear | Unit 2550 |
| 16:18 | Crear | Villager (Male) |
| 16:18 | Crear | Villager (Male) |
| 16:21 | Construir | Farm |
| 16:26 | Construir | Farm |
| 16:26 | Crear | Villager (Male) |
| 16:30 | Crear | Unit 2550 |
| 16:31 | Crear | Unit 2550 |
| 16:40 | Construir | House |
| 16:50 | Crear | Unit 2550 |
| 17:00 | Investigar | Iron Casting |
| 17:01 | Investigar | Iron Casting |
| 17:04 | Crear | Unit 2550 |
| 17:04 | Crear | Unit 2550 |
| 17:13 | Construir | House |
| 17:14 | Crear | Unit 2550 |
| 17:21 | Construir | Farm |
| 17:22 | Crear | Villager (Male) |
| 17:29 | Crear | Unit 2550 |
| 17:29 | Crear | Unit 2550 |
| 17:32 | Crear | Unit 2550 |
| 17:35 | Construir | House |
| 17:40 | Crear | Villager (Male) |
| 17:40 | Crear | Villager (Male) |
| 17:46 | Crear | Villager (Male) |
| 17:53 | Crear | Unit 2550 |
| 17:53 | Crear | Unit 2550 |
| 18:02 | Crear | Unit 2550 |
| 18:02 | Crear | Unit 2550 |
| 18:25 | Crear | Unit 2550 |
| 18:32 | Crear | Unit 2550 |
| 18:36 | Crear | Villager (Male) |
| 18:37 | Crear | Villager (Male) |
| 18:41 | Construir | House |
| 18:50 | Crear | Unit 2550 |
| 18:52 | Crear | Villager (Male) |
| 18:52 | Crear | Villager (Male) |
| 18:58 | Crear | Villager (Male) |
| 19:01 | Crear | Villager (Male) |
| 19:06 | Crear | Unit 2550 |
| 19:07 | Crear | Unit 2550 |
| 19:08 | Crear | Villager (Male) |
| 19:08 | Crear | Villager (Male) |
| 19:12 | Construir | Town Center |
| 19:14 | Crear | Villager (Male) |
| 19:16 | Crear | Unit 2550 |
| 19:39 | Construir | House |
| 19:40 | Crear | Villager (Male) |
| 19:40 | Crear | Villager (Male) |
| 19:43 | Crear | Villager (Male) |
| 19:43 | Crear | Villager (Male) |
| 19:55 | Crear | Unit 2550 |
| 19:56 | Crear | Unit 2550 |
Build order — YYY___YYY
Primeras 150 de 654 acciones detectadas
| 0:01 | Crear | Villager (Male) |
| 0:01 | Crear | Villager (Male) |
| 0:02 | Crear | Villager (Male) |
| 0:09 | Construir | Lumber Camp |
| 0:12 | Construir | Mill |
| 0:39 | Crear | Villager (Male) |
| 1:22 | Crear | Villager (Male) |
| 1:56 | Crear | Villager (Male) |
| 2:14 | Crear | Villager (Male) |
| 2:37 | Crear | Villager (Male) |
| 3:11 | Crear | Villager (Male) |
| 3:11 | Crear | Villager (Male) |
| 3:13 | Crear | Villager (Male) |
| 3:22 | Crear | Villager (Male) |
| 3:28 | Crear | Villager (Male) |
| 3:29 | Crear | Villager (Male) |
| 4:05 | Crear | Villager (Male) |
| 4:06 | Crear | Villager (Male) |
| 4:10 | Construir | Farm |
| 4:13 | Construir | Farm |
| 4:20 | Construir | Farm |
| 4:24 | Construir | Farm |
| 4:44 | Construir | Mining Camp |
| 4:49 | Crear | Villager (Male) |
| 5:25 | Investigar | Feudal Age |
| 5:25 | Investigar | Feudal Age |
| 6:03 | Crear | Villager (Male) |
| 6:51 | Crear | Villager (Male) |
| 7:21 | Crear | Villager (Male) |
| 7:36 | Edad | Edad Feudal |
| 7:41 | Construir | Market |
| 8:07 | Construir | Blacksmith |
| 8:09 | Crear | Villager (Male) |
| 8:43 | Investigar | Castle Age |
| 8:43 | Investigar | Castle Age |
| 9:01 | Investigar | Double-Bit Axe |
| 9:02 | Investigar | Double-Bit Axe |
| 9:26 | Investigar | Horse Collar |
| 9:27 | Investigar | Horse Collar |
| 10:18 | Crear | Villager (Male) |
| 11:16 | Crear | Villager (Male) |
| 11:31 | Edad | Edad de los Castillos |
| 11:36 | Construir | Town Center |
| 11:40 | Construir | Town Center |
| 11:59 | Construir | Town Center |
| 12:02 | Crear | Villager (Male) |
| 12:27 | Crear | Villager (Male) |
| 12:47 | Crear | Villager (Male) |
| 12:48 | Crear | Villager (Male) |
| 12:48 | Crear | Villager (Male) |
| 12:54 | Crear | Villager (Male) |
| 12:54 | Crear | Villager (Male) |
| 12:55 | Crear | Villager (Male) |
| 13:04 | Construir | Farm |
| 13:10 | Crear | Villager (Male) |
| 13:10 | Crear | Villager (Male) |
| 13:19 | Construir | Farm |
| 13:34 | Construir | Farm |
| 13:37 | Construir | Farm |
| 13:39 | Crear | Villager (Male) |
| 13:39 | Crear | Villager (Male) |
| 13:40 | Crear | Villager (Male) |
| 13:40 | Crear | Villager (Male) |
| 13:40 | Crear | Villager (Male) |
| 13:47 | Crear | Villager (Male) |
| 13:48 | Crear | Villager (Male) |
| 13:53 | Construir | Farm |
| 13:55 | Construir | Farm |
| 13:57 | Crear | Villager (Male) |
| 13:57 | Crear | Villager (Male) |
| 14:02 | Crear | Villager (Male) |
| 14:02 | Crear | Villager (Male) |
| 14:05 | Construir | Farm |
| 14:14 | Construir | Farm |
| 14:18 | Construir | Farm |
| 14:27 | Construir | Farm |
| 14:29 | Crear | Villager (Male) |
| 14:29 | Crear | Villager (Male) |
| 14:38 | Construir | Farm |
| 14:41 | Crear | Villager (Male) |
| 14:44 | Construir | Farm |
| 14:47 | Construir | Farm |
| 14:50 | Crear | Villager (Male) |
| 14:55 | Construir | Farm |
| 14:58 | Construir | Farm |
| 15:05 | Construir | Farm |
| 15:06 | Crear | Villager (Male) |
| 15:07 | Crear | Villager (Male) |
| 15:10 | Construir | Farm |
| 15:12 | Crear | Villager (Male) |
| 15:12 | Crear | Villager (Male) |
| 15:20 | Construir | Farm |
| 15:21 | Crear | Villager (Male) |
| 15:21 | Crear | Villager (Male) |
| 15:28 | Construir | Farm |
| 15:30 | Crear | Villager (Male) |
| 15:30 | Crear | Villager (Male) |
| 15:34 | Construir | Farm |
| 15:38 | Construir | Farm |
| 15:39 | Crear | Villager (Male) |
| 15:39 | Crear | Villager (Male) |
| 15:46 | Construir | Farm |
| 15:47 | Crear | Villager (Male) |
| 15:47 | Crear | Villager (Male) |
| 15:50 | Construir | Farm |
| 15:53 | Crear | Villager (Male) |
| 15:53 | Crear | Villager (Male) |
| 15:57 | Construir | House |
| 15:58 | Construir | House |
| 15:59 | Construir | House |
| 16:01 | Crear | Villager (Male) |
| 16:06 | Construir | Farm |
| 16:07 | Crear | Villager (Male) |
| 16:07 | Crear | Villager (Male) |
| 16:12 | Crear | Villager (Male) |
| 16:12 | Crear | Villager (Male) |
| 16:16 | Construir | Farm |
| 16:17 | Construir | Farm |
| 16:19 | Crear | Villager (Male) |
| 16:20 | Crear | Villager (Male) |
| 16:26 | Construir | Farm |
| 16:27 | Crear | Villager (Male) |
| 16:27 | Crear | Villager (Male) |
| 16:30 | Crear | Villager (Male) |
| 16:37 | Crear | Villager (Male) |
| 16:37 | Crear | Villager (Male) |
| 16:47 | Construir | Mining Camp |
| 16:52 | Investigar | Bow Saw |
| 16:52 | Investigar | Bow Saw |
| 16:57 | Construir | Farm |
| 17:04 | Construir | Farm |
| 17:06 | Crear | Villager (Male) |
| 17:06 | Crear | Villager (Male) |
| 17:06 | Crear | Villager (Male) |
| 17:07 | Crear | Villager (Male) |
| 17:12 | Crear | Villager (Male) |
| 17:12 | Crear | Villager (Male) |
| 17:32 | Investigar | Wheelbarrow |
| 17:43 | Construir | House |
| 17:44 | Construir | House |
| 17:45 | Construir | House |
| 17:46 | Crear | Villager (Male) |
| 17:47 | Crear | Villager (Male) |
| 17:47 | Crear | Villager (Male) |
| 17:47 | Crear | Villager (Male) |
| 17:54 | Construir | Farm |
| 17:56 | Construir | Farm |
| 17:57 | Construir | Farm |
| 17:58 | Construir | Mill |
| 18:01 | Crear | Villager (Male) |
Build order — hK | Anubis
Primeras 150 de 553 acciones detectadas
| 0:03 | Crear | Villager (Male) |
| 0:04 | Crear | Villager (Male) |
| 0:04 | Crear | Villager (Male) |
| 0:17 | Construir | Lumber Camp |
| 0:46 | Crear | Villager (Male) |
| 0:50 | Crear | Villager (Male) |
| 1:16 | Crear | Villager (Male) |
| 1:16 | Crear | Villager (Male) |
| 1:55 | Crear | Villager (Male) |
| 1:55 | Crear | Villager (Male) |
| 1:56 | Construir | Mill |
| 2:16 | Crear | Villager (Male) |
| 2:16 | Crear | Villager (Male) |
| 2:30 | Crear | Villager (Male) |
| 2:53 | Crear | Villager (Male) |
| 2:53 | Crear | Villager (Male) |
| 2:56 | Crear | Villager (Male) |
| 3:27 | Construir | Mining Camp |
| 3:35 | Construir | Mining Camp |
| 5:05 | Construir | Farm |
| 5:23 | Crear | Villager (Male) |
| 5:30 | Construir | Farm |
| 5:54 | Investigar | Feudal Age |
| 5:57 | Construir | Farm |
| 7:15 | Crear | Villager (Male) |
| 7:16 | Crear | Villager (Male) |
| 8:04 | Edad | Edad Feudal |
| 8:08 | Construir | Market |
| 8:11 | Construir | Blacksmith |
| 8:46 | Crear | Villager (Male) |
| 8:55 | Construir | Stone Wall |
| 8:58 | Crear | Villager (Male) |
| 9:12 | Investigar | Castle Age |
| 9:43 | Investigar | Double-Bit Axe |
| 10:00 | Construir | Farm |
| 10:04 | Construir | Stone Wall |
| 10:11 | Construir | Stone Wall |
| 11:48 | Crear | Villager (Male) |
| 11:59 | Edad | Edad de los Castillos |
| 12:02 | Construir | Town Center |
| 12:03 | Crear | Villager (Male) |
| 12:05 | Investigar | Bow Saw |
| 12:05 | Crear | Villager (Male) |
| 12:15 | Crear | Throwing Axeman |
| 12:19 | Crear | Throwing Axeman |
| 12:21 | Crear | Villager (Male) |
| 13:01 | Crear | Villager (Male) |
| 13:08 | Construir | Town Center |
| 13:11 | Crear | Villager (Male) |
| 13:19 | Crear | Villager (Male) |
| 13:39 | Construir | Monastery |
| 13:52 | Crear | Villager (Male) |
| 14:07 | Crear | Villager (Male) |
| 14:19 | Construir | Farm |
| 14:19 | Construir | Farm |
| 14:19 | Construir | Farm |
| 14:19 | Construir | Farm |
| 14:20 | Construir | Farm |
| 14:20 | Construir | Farm |
| 14:20 | Construir | Farm |
| 14:21 | Construir | Farm |
| 14:25 | Crear | Monk |
| 14:29 | Construir | Farm |
| 14:31 | Crear | Villager (Male) |
| 14:33 | Crear | Villager (Male) |
| 14:33 | Crear | Villager (Male) |
| 14:41 | Construir | Farm |
| 14:58 | Crear | Villager (Male) |
| 15:01 | Crear | Villager (Male) |
| 15:05 | Crear | Villager (Male) |
| 15:14 | Construir | Lumber Camp |
| 15:26 | Crear | Villager (Male) |
| 15:28 | Crear | Villager (Male) |
| 15:28 | Crear | Villager (Male) |
| 15:32 | Construir | Farm |
| 15:34 | Construir | Farm |
| 15:39 | Crear | Monk |
| 15:48 | Crear | Villager (Male) |
| 15:53 | Construir | Outpost |
| 15:55 | Construir | Outpost |
| 15:56 | Construir | Outpost |
| 15:57 | Construir | Outpost |
| 16:07 | Crear | Villager (Male) |
| 16:08 | Crear | Villager (Male) |
| 16:08 | Crear | Villager (Male) |
| 16:08 | Crear | Villager (Male) |
| 16:15 | Construir | Farm |
| 16:17 | Construir | Farm |
| 16:20 | Construir | Farm |
| 16:29 | Crear | Villager (Male) |
| 16:30 | Crear | Throwing Axeman |
| 16:46 | Crear | Villager (Male) |
| 16:46 | Crear | Villager (Male) |
| 16:49 | Construir | Farm |
| 16:50 | Construir | Farm |
| 16:52 | Construir | Farm |
| 16:53 | Construir | Farm |
| 16:55 | Construir | Farm |
| 17:01 | Construir | House |
| 17:02 | Construir | House |
| 17:02 | Construir | House |
| 17:03 | Construir | House |
| 17:13 | Investigar | Wheelbarrow |
| 17:21 | Construir | Outpost |
| 17:35 | Investigar | Town Watch |
| 17:43 | Construir | House |
| 17:45 | Construir | House |
| 17:46 | Construir | House |
| 17:47 | Construir | House |
| 17:55 | Construir | Lumber Camp |
| 17:57 | Crear | Villager (Male) |
| 17:57 | Crear | Villager (Male) |
| 17:58 | Crear | Villager (Male) |
| 17:58 | Crear | Villager (Male) |
| 17:58 | Crear | Villager (Male) |
| 17:58 | Crear | Villager (Male) |
| 18:06 | Construir | Farm |
| 18:18 | Crear | Villager (Male) |
| 18:19 | Crear | Villager (Male) |
| 18:20 | Crear | Villager (Male) |
| 18:21 | Crear | Throwing Axeman |
| 18:21 | Crear | Throwing Axeman |
| 18:34 | Crear | Villager (Male) |
| 18:44 | Construir | Mining Camp |
| 19:04 | Crear | Villager (Male) |
| 19:04 | Crear | Villager (Male) |
| 19:06 | Crear | Villager (Male) |
| 19:06 | Crear | Villager (Male) |
| 19:06 | Crear | Villager (Male) |
| 19:07 | Crear | Villager (Male) |
| 19:07 | Crear | Villager (Male) |
| 19:13 | Investigar | Loom |
| 19:16 | Construir | Farm |
| 19:17 | Construir | Farm |
| 19:36 | Crear | Villager (Male) |
| 19:36 | Crear | Villager (Male) |
| 19:56 | Crear | Villager (Male) |
| 19:56 | Crear | Villager (Male) |
| 20:00 | Construir | Mill |
| 20:01 | Construir | Farm |
| 20:01 | Construir | Farm |
| 20:02 | Crear | Villager (Male) |
| 20:08 | Construir | Farm |
| 20:08 | Construir | Farm |
| 20:08 | Construir | Farm |
| 20:09 | Construir | Farm |
| 20:09 | Construir | Farm |
| 20:09 | Construir | Farm |
| 20:13 | Crear | Villager (Male) |
| 20:13 | Crear | Villager (Male) |
Build order — Paxihs
Primeras 150 de 476 acciones detectadas
| 0:01 | Crear | Villager (Male) ×4 |
| 0:04 | Construir | Lumber Camp |
| 0:24 | Construir | Mill |
| 1:12 | Crear | Villager (Male) |
| 1:12 | Crear | Villager (Male) |
| 1:51 | Crear | Villager (Male) |
| 1:51 | Crear | Villager (Male) |
| 2:34 | Crear | Villager (Male) |
| 2:35 | Crear | Villager (Male) |
| 2:35 | Crear | Villager (Male) |
| 2:43 | Crear | Villager (Male) |
| 2:43 | Crear | Villager (Male) |
| 4:03 | Crear | Villager (Male) |
| 4:11 | Construir | Pasture |
| 4:21 | Construir | Pasture |
| 4:58 | Construir | Mining Camp |
| 5:03 | Investigar | Feudal Age |
| 5:03 | Investigar | Feudal Age |
| 6:24 | Crear | Villager (Male) |
| 6:24 | Crear | Villager (Male) |
| 7:14 | Edad | Edad Feudal |
| 7:17 | Construir | Blacksmith |
| 7:26 | Construir | Market |
| 8:14 | Investigar | Castle Age |
| 8:15 | Investigar | Castle Age |
| 8:52 | Investigar | Double-Bit Axe |
| 8:53 | Investigar | Double-Bit Axe |
| 8:59 | Investigar | Tech 1014 |
| 10:19 | Crear | Villager (Male) |
| 10:19 | Crear | Villager (Male) |
| 10:54 | Edad | Edad de los Castillos |
| 10:56 | Construir | Town Center |
| 11:03 | Investigar | Bow Saw |
| 11:03 | Investigar | Bow Saw |
| 11:11 | Crear | Villager (Male) |
| 11:11 | Crear | Villager (Male) |
| 11:37 | Crear | Villager (Male) |
| 12:32 | Construir | Lumber Camp |
| 12:52 | Crear | Villager (Male) |
| 12:52 | Crear | Villager (Male) |
| 12:53 | Crear | Villager (Male) |
| 12:54 | Crear | Unit 1920 |
| 12:55 | Crear | Unit 1920 |
| 12:56 | Crear | Unit 1920 |
| 13:08 | Construir | Town Center |
| 13:24 | Crear | Villager (Male) |
| 13:25 | Crear | Villager (Male) |
| 13:32 | Construir | Pasture |
| 13:36 | Construir | Pasture |
| 13:40 | Construir | Pasture |
| 13:50 | Construir | Pasture |
| 14:00 | Crear | Unit 1920 |
| 14:00 | Crear | Unit 1920 |
| 14:01 | Crear | Villager (Male) |
| 14:02 | Crear | Villager (Male) |
| 14:10 | Crear | Villager (Male) |
| 14:11 | Crear | Villager (Male) |
| 14:31 | Crear | Unit 1920 |
| 14:35 | Construir | Pasture |
| 14:43 | Construir | Pasture |
| 15:02 | Crear | Unit 1920 |
| 15:07 | Construir | Pasture |
| 15:11 | Construir | Pasture |
| 15:16 | Construir | Pasture |
| 15:20 | Construir | Pasture |
| 15:26 | Construir | Pasture |
| 15:30 | Construir | Pasture |
| 15:30 | Crear | Villager (Male) |
| 15:31 | Crear | Villager (Male) |
| 15:32 | Crear | Unit 1920 |
| 15:32 | Crear | Unit 1920 |
| 15:43 | Construir | Pasture |
| 15:48 | Crear | Unit 1920 |
| 15:56 | Crear | Villager (Male) |
| 16:04 | Construir | Pasture |
| 16:05 | Crear | Villager (Male) |
| 16:05 | Crear | Villager (Male) |
| 16:05 | Crear | Villager (Male) |
| 16:07 | Investigar | Loom |
| 16:10 | Crear | Villager (Male) |
| 16:11 | Crear | Villager (Male) |
| 16:15 | Crear | Unit 1920 |
| 16:33 | Crear | Villager (Male) |
| 16:33 | Crear | Villager (Male) |
| 16:42 | Construir | House |
| 16:44 | Construir | House |
| 16:44 | Construir | House |
| 16:45 | Construir | House |
| 16:54 | Crear | Villager (Male) |
| 16:57 | Crear | Villager (Male) |
| 16:59 | Crear | Villager (Male) |
| 17:13 | Crear | Villager (Male) |
| 17:13 | Crear | Villager (Male) |
| 17:22 | Construir | House |
| 17:23 | Construir | House |
| 17:31 | Investigar | Scale Mail Armor |
| 17:32 | Investigar | Forging |
| 17:33 | Crear | Villager (Male) |
| 17:33 | Crear | Villager (Male) |
| 17:37 | Construir | Pasture |
| 17:49 | Construir | Pasture |
| 17:51 | Crear | Villager (Male) |
| 17:51 | Crear | Villager (Male) |
| 17:52 | Crear | Villager (Male) |
| 17:53 | Crear | Villager (Male) |
| 17:57 | Construir | House |
| 18:03 | Crear | Unit 1920 |
| 18:03 | Crear | Unit 1920 |
| 18:09 | Investigar | Squires |
| 18:09 | Investigar | Squires |
| 18:33 | Crear | Unit 1920 |
| 18:34 | Crear | Unit 1920 |
| 18:34 | Crear | Villager (Male) |
| 18:34 | Crear | Villager (Male) |
| 18:36 | Construir | Pasture |
| 18:39 | Crear | Villager (Male) |
| 18:39 | Crear | Villager (Male) |
| 19:00 | Investigar | Arson |
| 19:00 | Investigar | Arson |
| 19:02 | Crear | Villager (Male) |
| 19:03 | Crear | Villager (Male) |
| 19:03 | Crear | Villager (Male) |
| 19:08 | Construir | House |
| 19:09 | Construir | House |
| 19:10 | Crear | Villager (Male) |
| 19:10 | Crear | Villager (Male) |
| 19:20 | Construir | Pasture |
| 19:24 | Crear | Villager (Male) |
| 19:24 | Crear | Villager (Male) |
| 19:25 | Construir | Pasture |
| 19:29 | Construir | Pasture |
| 19:30 | Crear | Villager (Male) |
| 19:37 | Crear | Unit 1920 |
| 19:37 | Crear | Unit 1920 |
| 19:43 | Crear | Villager (Male) |
| 19:43 | Crear | Villager (Male) |
| 19:57 | Investigar | Chain Mail Armor |
| 19:58 | Crear | Villager (Male) |
| 20:03 | Construir | Pasture |
| 20:04 | Crear | Villager (Male) |
| 20:05 | Crear | Villager (Male) |
| 20:10 | Construir | House |
| 20:11 | Construir | House |
| 20:12 | Construir | House |
| 20:14 | Construir | House |
| 20:14 | Construir | House |
| 20:15 | Construir | House |
| 20:15 | Construir | House |
| 20:38 | Investigar | Tech 1006 |
| 20:38 | Investigar | Tech 1006 |
Build order — vedousa
Primeras 150 de 818 acciones detectadas
| 0:01 | Crear | Villager (Male) |
| 0:01 | Crear | Villager (Male) |
| 0:04 | Construir | Mill |
| 0:15 | Crear | Villager (Male) |
| 0:15 | Crear | Villager (Male) |
| 0:47 | Crear | Villager (Male) |
| 1:18 | Crear | Villager (Male) |
| 1:18 | Crear | Villager (Male) |
| 2:03 | Crear | Villager (Male) |
| 2:04 | Crear | Villager (Male) |
| 2:04 | Crear | Villager (Male) |
| 2:07 | Crear | Villager (Male) |
| 2:08 | Crear | Villager (Male) |
| 2:37 | Crear | Villager (Male) |
| 2:57 | Construir | Lumber Camp |
| 3:02 | Crear | Villager (Male) |
| 3:02 | Crear | Villager (Male) |
| 3:12 | Crear | Villager (Male) |
| 3:12 | Crear | Villager (Male) |
| 3:25 | Crear | Villager (Male) |
| 3:26 | Crear | Villager (Male) |
| 3:26 | Crear | Villager (Male) |
| 3:54 | Crear | Villager (Male) |
| 3:55 | Crear | Villager (Male) |
| 4:09 | Crear | Villager (Male) |
| 4:12 | Crear | Villager (Male) |
| 4:12 | Crear | Villager (Male) |
| 4:13 | Crear | Villager (Male) |
| 4:17 | Crear | Villager (Male) |
| 4:17 | Crear | Villager (Male) |
| 4:33 | Crear | Villager (Male) |
| 4:47 | Construir | Farm |
| 4:57 | Construir | Farm |
| 5:42 | Construir | Farm |
| 6:02 | Construir | Mining Camp |
| 6:06 | Investigar | Feudal Age |
| 6:07 | Investigar | Feudal Age |
| 8:32 | Construir | Blacksmith |
| 8:38 | Construir | Palisade Wall |
| 8:42 | Crear | Villager (Male) |
| 8:42 | Crear | Villager (Male) |
| 8:44 | Crear | Villager (Male) |
| 8:52 | Construir | Market |
| 9:00 | Investigar | Double-Bit Axe |
| 9:00 | Investigar | Double-Bit Axe |
| 9:43 | Construir | Lumber Camp |
| 9:47 | Investigar | Castle Age |
| 9:48 | Investigar | Castle Age |
| 9:55 | Investigar | Horse Collar |
| 9:55 | Investigar | Horse Collar |
| 10:29 | Construir | Farm |
| 10:52 | Construir | Farm |
| 10:59 | Construir | Farm |
| 11:10 | Construir | Farm |
| 11:11 | Construir | Farm |
| 11:12 | Construir | Farm |
| 11:13 | Crear | Villager (Male) |
| 11:14 | Crear | Villager (Male) |
| 11:17 | Crear | Villager (Male) |
| 12:45 | Crear | Villager (Male) |
| 12:45 | Crear | Villager (Male) |
| 12:52 | Construir | Town Center |
| 13:01 | Construir | Town Center |
| 13:11 | Investigar | Bow Saw |
| 13:11 | Investigar | Bow Saw |
| 13:15 | Crear | Villager (Male) |
| 13:29 | Crear | Villager (Male) |
| 13:39 | Construir | Town Center |
| 13:42 | Crear | Villager (Male) |
| 14:11 | Construir | Farm |
| 14:14 | Investigar | Heavy Plow |
| 14:15 | Investigar | Heavy Plow |
| 14:24 | Crear | Villager (Male) |
| 14:30 | Crear | Villager (Male) |
| 14:31 | Crear | Villager (Male) |
| 14:33 | Construir | Farm |
| 14:46 | Construir | Farm |
| 14:46 | Crear | Villager (Male) |
| 14:50 | Crear | Villager (Male) |
| 14:51 | Crear | Villager (Male) |
| 14:52 | Crear | Villager (Male) |
| 14:54 | Construir | Farm |
| 14:59 | Crear | Villager (Male) |
| 15:01 | Construir | Farm |
| 15:06 | Construir | Farm |
| 15:11 | Construir | Farm |
| 15:14 | Construir | Farm |
| 15:20 | Crear | Villager (Male) |
| 15:36 | Construir | Farm |
| 15:37 | Crear | Villager (Male) |
| 15:40 | Construir | Farm |
| 15:44 | Construir | Farm |
| 15:45 | Construir | Farm |
| 15:49 | Crear | Villager (Male) |
| 15:58 | Crear | Villager (Male) |
| 16:01 | Investigar | Loom |
| 16:02 | Crear | Villager (Male) |
| 16:14 | Construir | Farm |
| 16:15 | Construir | Farm |
| 16:16 | Construir | Farm |
| 16:18 | Construir | Farm |
| 16:24 | Crear | Villager (Male) |
| 16:25 | Crear | Villager (Male) |
| 16:27 | Crear | Villager (Male) |
| 16:39 | Crear | Villager (Male) |
| 16:40 | Crear | Villager (Male) |
| 16:43 | Crear | Villager (Male) |
| 16:46 | Construir | Farm |
| 16:49 | Crear | Villager (Male) |
| 16:53 | Construir | Farm |
| 16:55 | Crear | Villager (Male) |
| 17:00 | Construir | Farm |
| 17:00 | Construir | Farm |
| 17:04 | Construir | Farm |
| 17:07 | Construir | Farm |
| 17:11 | Crear | Villager (Male) |
| 17:13 | Crear | Villager (Male) |
| 17:15 | Crear | Villager (Male) |
| 17:22 | Construir | Farm |
| 17:24 | Crear | Villager (Male) |
| 17:29 | Crear | Villager (Male) |
| 17:34 | Crear | Villager (Male) |
| 17:36 | Crear | Villager (Male) |
| 17:38 | Construir | Farm |
| 17:42 | Construir | Farm |
| 17:43 | Construir | Farm |
| 17:45 | Construir | Farm |
| 17:48 | Crear | Villager (Male) |
| 17:50 | Crear | Villager (Male) |
| 17:51 | Construir | Farm |
| 17:53 | Crear | Villager (Male) |
| 17:59 | Crear | Villager (Male) |
| 18:01 | Crear | Villager (Male) |
| 18:06 | Construir | Farm |
| 18:10 | Construir | Farm |
| 18:17 | Crear | Villager (Male) |
| 18:24 | Crear | Villager (Male) |
| 18:25 | Crear | Villager (Male) |
| 18:26 | Crear | Villager (Male) |
| 18:33 | Investigar | Wheelbarrow |
| 18:33 | Investigar | Wheelbarrow |
| 18:36 | Construir | Farm |
| 18:39 | Construir | Farm |
| 18:40 | Crear | Villager (Male) |
| 18:41 | Crear | Villager (Male) |
| 18:46 | Construir | Farm |
| 18:47 | Construir | Farm |
| 18:49 | Construir | Farm |
| 18:50 | Construir | Farm |
| 18:52 | Construir | Farm |
Cronología de la partida
| 7:11 | Fallout · age_up feudal |
| 7:14 | Paxihs · age_up feudal |
| 7:36 | YYY___YYY · age_up feudal |
| 7:37 | Ps0Fa · age_up feudal |
| 8:01 | Persian Assassin · age_up feudal |
| 8:04 | hK | Anubis · age_up feudal |
| 8:38 | vedousa · wall_segment Palisade Wall x1 |
| 8:55 | hK | Anubis · wall_segment Stone Wall x16 |
| 9:16 | AndyThePro · age_up feudal |
| 10:04 | hK | Anubis · wall_segment Stone Wall x1 |
| 10:11 | hK | Anubis · wall_segment Stone Wall x9 |
| 10:54 | Paxihs · age_up castle |
| 11:09 | Ps0Fa · age_up castle |
| 11:31 | YYY___YYY · age_up castle |
| 11:36 | Persian Assassin · age_up castle |
| 11:42 | Fallout · age_up castle |
| 11:45 | YYY___YYY · first_market_sell 100 wood |
| 11:48 | YYY___YYY · first_market_buy 100 stone |
| 11:58 | Ps0Fa · first_market_buy 100 wood |
| 11:59 | hK | Anubis · age_up castle |
| 12:09 | vedousa · first_market_buy 100 stone |
| 12:48 | AndyThePro · age_up castle |
| 12:50 | AndyThePro · first_building Siege Workshop |
| 13:00 | AndyThePro · first_building Monastery |
| 13:00 | Persian Assassin · first_market_buy 100 wood |
| 13:39 | hK | Anubis · first_building Monastery |
| 13:44 | AndyThePro · first_market_sell 100 stone |
| 13:45 | AndyThePro · first_market_buy 100 food |
| 14:30 | Persian Assassin · first_building Monastery |
| 14:52 | Fallout · first_market_sell 100 food |
| 14:53 | Fallout · first_market_buy 100 wood |
| 14:59 | Ps0Fa · wall_segment Stone Wall x9 |
| 15:10 | Fallout · first_building Barracks |
| 15:45 | Ps0Fa · wall_segment Stone Wall x14 |
| 16:02 | Ps0Fa · wall_segment Stone Wall x8 |
| 16:27 | Ps0Fa · wall_segment Stone Wall x4 |
| 16:38 | Ps0Fa · wall_segment Stone Wall x7 |
| 16:56 | AndyThePro · age_up imperial |
| 17:19 | Persian Assassin · wall_segment Stone Wall x1 |
| 17:39 | Ps0Fa · first_market_sell 100 wood |
| 20:03 | Ps0Fa · first_building Stable |
| 20:14 | vedousa · first_building Barracks |
| 20:24 | vedousa · wall_segment Stone Wall x1 |
| 21:07 | YYY___YYY · first_building Barracks |
| 21:25 | vedousa · first_building Stable |
| 21:36 | YYY___YYY · wall_segment Stone Wall x6 |
| 21:38 | Persian Assassin · first_building Castle |
| 22:04 | YYY___YYY · wall_segment Stone Wall x16 |
| 22:04 | Ps0Fa · wall_segment Stone Wall x1 |
| 22:06 | hK | Anubis · first_market_buy 100 food |
| 22:11 | YYY___YYY · first_building Archery Range |
| 22:14 | Ps0Fa · first_building Castle |
| 22:36 | Persian Assassin · wall_segment Stone Wall x4 |
| 22:53 | hK | Anubis · first_building Barracks |
| 23:08 | vedousa · wall_segment Palisade Wall x1 |
| 23:09 | Fallout · first_building Archery Range |
| 23:18 | YYY___YYY · wall_segment Stone Wall x1 |
| 23:29 | Persian Assassin · first_building Barracks |
| 24:04 | Persian Assassin · first_building Stable |
| 24:28 | YYY___YYY · first_building Castle |
| 24:32 | hK | Anubis · first_building Castle |
| 24:48 | Ps0Fa · wall_segment Stone Wall x13 |
| 24:51 | Ps0Fa · wall_segment Stone Wall x7 |
| 24:56 | Ps0Fa · first_building Monastery |
| 24:57 | hK | Anubis · first_building Stable |
| 25:23 | hK | Anubis · age_up imperial |
| 25:32 | Persian Assassin · first_market_sell 500 wood |
| 25:46 | Paxihs · wall_segment Stone Wall x20 |
| 25:47 | YYY___YYY · age_up imperial |
| 26:02 | vedousa · first_building Castle |
| 26:16 | Persian Assassin · age_up imperial |
| 26:27 | Paxihs · first_building Monastery |
| 26:30 | YYY___YYY · wall_segment Stone Wall x20 |
| 26:38 | hK | Anubis · first_building Siege Workshop |
| 26:45 | hK | Anubis · first_market_sell 100 stone |
| 26:58 | YYY___YYY · wall_segment Stone Wall x13 |
| 27:13 | Paxihs · first_market_buy 100 wood |
| 27:14 | Ps0Fa · wall_segment Stone Wall x23 |
| 27:17 | Ps0Fa · wall_segment Stone Wall x1 |
| 27:18 | Ps0Fa · wall_segment Stone Wall x1 |
| 27:29 | Paxihs · first_building Castle |
| 27:54 | AndyThePro · first_building Castle |
| 29:15 | Paxihs · age_up imperial |
| 29:35 | vedousa · first_market_sell 500 wood |
| 29:56 | Fallout · first_building Castle |
| 30:34 | Paxihs · first_building Siege Workshop |
| 31:19 | AndyThePro · first_building Archery Range |
| 31:50 | Ps0Fa · age_up imperial |
| 33:51 | vedousa · wall_segment Stone Wall x3 |
| 34:34 | vedousa · wall_segment Stone Wall x2 |
| 34:49 | Ps0Fa · first_building Archery Range |
| 35:21 | Fallout · age_up imperial |
| 35:30 | Paxihs · first_building Stable |
| 36:02 | hK | Anubis · tribute_sent a jugador 1 |
| 36:02 | hK | Anubis · tribute_sent a jugador 2 |
| 36:02 | hK | Anubis · tribute_sent a jugador 3 |
| 36:02 | hK | Anubis · tribute_sent a jugador 4 |
| 36:02 | hK | Anubis · tribute_sent a jugador 6 |
| 36:02 | hK | Anubis · tribute_sent a jugador 7 |
| 36:02 | hK | Anubis · tribute_sent a jugador 8 |
| 36:09 | hK | Anubis · wall_segment Stone Wall x7 |
| 37:22 | Ps0Fa · tribute_sent a jugador 1 |
| 37:22 | Ps0Fa · tribute_sent a jugador 3 |
| 37:22 | Ps0Fa · tribute_sent a jugador 4 |
| 37:22 | Ps0Fa · tribute_sent a jugador 5 |
| 37:22 | Ps0Fa · tribute_sent a jugador 6 |
| 37:22 | Ps0Fa · tribute_sent a jugador 7 |
| 37:22 | Ps0Fa · tribute_sent a jugador 8 |
| 38:16 | vedousa · wall_segment Stone Wall x1 |
| 40:15 | hK | Anubis · first_building Archery Range |
| 40:39 | Ps0Fa · tribute_sent a jugador 1 |
| 40:39 | Ps0Fa · tribute_sent a jugador 3 |
| 40:39 | Ps0Fa · tribute_sent a jugador 4 |
| 40:39 | Ps0Fa · tribute_sent a jugador 5 |
| 40:39 | Ps0Fa · tribute_sent a jugador 6 |
| 40:39 | Ps0Fa · tribute_sent a jugador 7 |
| 40:39 | Ps0Fa · tribute_sent a jugador 8 |
| 40:49 | vedousa · first_building Siege Workshop |
| 40:54 | Persian Assassin · first_building Archery Range |
| 40:57 | AndyThePro · resign |
| 43:54 | Ps0Fa · tribute_sent a jugador 1 |
| 43:54 | Ps0Fa · tribute_sent a jugador 3 |
| 43:54 | Ps0Fa · tribute_sent a jugador 4 |
| 43:54 | Ps0Fa · tribute_sent a jugador 5 |
| 43:54 | Ps0Fa · tribute_sent a jugador 6 |
| 43:54 | Ps0Fa · tribute_sent a jugador 7 |
| 43:54 | Ps0Fa · tribute_sent a jugador 8 |
[ ANÁLISIS IA · 1 CRÉDITO ]
¿Qué pasó realmente en esta partida?
Wolo.gg analiza cada decisión: build order, eco, micro, errores típicos por bracket. Análisis personalizado por WhatsApp o Discord en 30 segundos.
Guía civ
Shu
Perfil
Jugador #11300815